 Dungeon Crawl Stone Soup version 0.31-a0-521-gc7390f8997 (webtiles) character file.

Game seed: 9209968521562749183

4468 javelincjr the Trooper (level 10, -14/79 HPs)
             Began as a Demonspawn Fighter on Aug 9, 2023.
             Was a Believer of Makhleb.
             Demolished by an orc warlord
             ... wielding a +5 broad axe
              (19 damage)
             ... in a bailey on Aug 10, 2023.
             The game lasted 00:28:24 (7505 turns).

javelincjr the Trooper (Demonspawn Fighter)         Turns: 7505, Time: 00:28:25

Health: -14/79     AC: 15    Str: 24    XL:     10   Next: 15%
Magic:  0/17       EV: 10    Int:  9    God:    Makhleb [**....]
Gold:   455        SH:  0    Dex: 13    Spells: 18/18 levels left

rFire   + . .        k - +5 dagger of Darkness {speed, rF+ Str+3}
rCold   . . .        (no shield)
rNeg    . . .        z - +3 chain mail
rPois   .            w - +1 hat
rElec   .            g - +0 cloak
rCorr   .            (gloves unavailable)
SInv    .            (no boots)
Will    .....        f - amulet of guardian spirit Stlth
                     u - ring of flight
HPRegen 0.33/turn    (no ring)
MPRegen 0.15/turn

%: guardian spirit
@: mighty, flying
A: antennae 1, foul stench 2, demonic touch 3
a: Renounce Religion, Minor Destruction


You were in a bailey.
You worshipped Makhleb.
Makhleb was pleased with you.
You visited 2 branches of the dungeon, and saw 8 of its levels.
You also visited: Bailey.

You collected 455 gold pieces.

Inventory:

Hand Weapons
 a - a +0 trident
 b - a +1 flail of venom
 k - the +5 dagger of Darkness (weapon) {speed, rF+ Str+3}
   (You found it on level 5 of the Dungeon)

   Str+3:     It affects your strength (+3).
   rF+:       It protects you from fire.
 q - the +0 sling "Trog's Hatred" {elec, Dex+2}
   (You found it on level 2 of the Dungeon)

   Dex+2:     It affects your dexterity (+2).
Missiles
 h - 10 boomerangs
 o - 11 poisoned darts (quivered)
 x - 2 javelins
Armour
 g - a +0 cloak (worn)
 w - a +1 hat (worn)
 z - a +3 chain mail (worn)
 B - the +2 leather armour of the Wasteland {Fly rElec rCorr Dex+3}
   (You found it on level 6 of the Dungeon)

   Dex+3:     It affects your dexterity (+3).
   rElec:     It insulates you from electricity.
   Fly:       It grants you flight.
   rCorr:     It protects you from acid and corrosion.
 E - a +2 buckler of protection
 J - a +2 ring mail of fire resistance
Jewellery
 f - an amulet of guardian spirit (around neck)
 r - an amulet of the acrobat
 u - a ring of flight (left hand)
Wands
 y - a wand of charming (12)
 D - a wand of digging (6)
Scrolls
 c - a scroll of identify
 e - 2 scrolls of silence
 i - a scroll of butterflies
 j - a scroll of poison
 n - a scroll of revelation {unknown}
 p - 2 scrolls of enchant weapon
 s - 2 scrolls of torment
 t - a scroll of noise {unknown}
 v - a scroll of enchant armour {unknown}
 A - a scroll of vulnerability {unknown}
 F - a scroll of immolation {unknown}
 G - 2 scrolls of teleportation {unknown}
Potions
 l - 2 potions of brilliance
 H - a potion of enlightenment


   Skills:
 + Level 7.2 Fighting
 * Level 5.8 Short Blades
 - Level 4.4 Polearms
 + Level 6.5 Armour
 + Level 4.8 Dodging
 - Level 4.0 Shields
 + Level 4.9 Spellcasting


You had 18 spell levels left.
You didn't know any spells.
Your spell library contained the following spells:

 Spells                   Type           Power      Damage    Failure   Level
 Freeze                   Ice            8%         1d3       77%         1
 Slow                     Hex            8%         N/A       77%         1
 Confusing Touch          Hex            2%         N/A       98%         3
 Frozen Ramparts          Ice            4%         1d1       98%         3
 Hailstorm                Conj/Ice       2%         3d3       98%         3
 Vampiric Draining        Necr           2%         2d6       98%         3
 Cause Fear               Hex            1%         N/A       100%        4
 Fireball                 Conj/Fire      1%         3d3       100%        5
 Dragon's Call            Summ           1%         N/A       100%        9


Dungeon Overview and Level Annotations

Branches:
Dungeon (7/15)             Temple (1/1) D:5          Bailey (1/1)

Altars:
Ashenzari
Cheibriados
Fedhas
Gozag
Hepliaklqana
Kikubaaqudgha
Makhleb
Nemelex Xobeh
Okawaru
Qazlal
Ru
Uskayaw
Vehumet
Wu Jian
Xom

Shops:
D:7 =

Annotations:
Temple 2 transporters


Innate Abilities, Weirdness & Mutations

You have a pair of small antennae on your head.
You sometimes emit foul miasma when damaged in melee.
Your touch may irresistibly damage your foes and sap their willpower.


Message History

The goblin closely misses you.
You hit the orc warlord.
The orc warlord is moderately wounded.
The orc warlord is engulfed in dark miasma.
The orc warlord looks even sicker.
The orc warlord hits you with a +5 broad axe!
* * * LOW HITPOINT WARNING * * *
You hit the orc warlord but do no damage.
Your touch misses the orc warlord.
The orc warlord is moderately wounded.
You hit the orc warlord but do no damage.
The orc warlord is moderately wounded.
The goblin misses you.
The orc warlord is engulfed in dark miasma.
The orc warlord looks even sicker.
The orc warlord hits you with a +5 broad axe!!
* * * LOW HITPOINT WARNING * * *
You barely miss the orc warlord.
The orc warlord is heavily wounded.
You hit the orc warlord but do no damage.
Your touch misses the orc warlord.
The orc warlord is heavily wounded.
The goblin closely misses you.
The orc warlord is engulfed in dark miasma.
The orc warlord looks as sick as possible!
The orc warlord seems to slow down.
The orc warlord hits you with a +5 broad axe.
* * * LOW HITPOINT WARNING * * *
You puncture the orc warlord!
The orc warlord is severely wounded.
You hit the orc warlord but do no damage.
The orc warlord is severely wounded.
The orc warlord is no longer moving slowly.
The goblin hits you but does no damage.
You hit the orc warlord.
The orc warlord is severely wounded.
The orc warlord is engulfed in dark miasma.
The orc warlord looks as sick as possible!
The orc warlord hits you with a +5 broad axe!!
You die...

##.....## #.......#
##.......## #...[[....#
... ##...[.....## .⌠..
#######.....⌠.....# ....
##.....##...[.....##
..... #.......#go.......#
.....##.......##@......##
.....'.........[.......#
##.)......[##.....##
#..)..⌠.)[..#######
##......[[.## #.........#
##...[...## #.....).#
##.....##


You could see an orc warlord (extremely poisoned) and a goblin.

Vanquished Creatures
  2 orc knights (Bailey)
  A hornet (D:7)
  Grinder (D:5)
  A wyvern (D:5)
  Edmund (D:5)
  A water moccasin (D:6)
  3 black bears
  Duvessa (D:7)
  11 orc warriors (Bailey)
  An ice beast (D:6)
  A sky beast (D:6)
  2 ogres
  A phantom (D:5)
  Blork the orc (D:5)
  3 bullfrogs (D:6)
  A gnoll sergeant (D:7)
  A scorpion (D:4)
  Dowan (D:7)
  2 hounds (D:6)
  A jelly (D:6)
  An orc priest (D:7)
  A sleepcap (D:4)
  2 iguanas
  3 orc wizards (D:7)
  9 gnolls
  9 adders
  A shadow imp (D:7)
  An ufetubus (D:6)
  A worm (D:4)
  5 dart slugs
  12 orcs
  4 endoplasms
  5 giant cockroaches
  7 goblins
  9 hobgoblins
  13 jackals
  2 quokkas
  8 ball pythons
  8 bats
  3 frilled lizards
  5 kobolds
  3 rats
149 creatures vanquished.

Vanquished Creatures (others)
  A hobgoblin (Bailey)
1 creature vanquished.

Grand Total: 150 creatures vanquished

Notes
Turn   | Place    | Note
-------+----------+-------------------------------------------
     0 | D:1      | javelincjr the Demonspawn Fighter began the quest for the
                  | Orb.
     0 | D:1      | Reached XP level 1. HP: 18/18 MP: 1/1
   151 | D:1      | Gained mutation: You may rarely emit foul miasma when
                  | damaged in melee. [demonic ancestry]
   151 | D:1      | Reached XP level 2. HP: 24/24 MP: 2/2
   895 | D:2      | Discovered your monstrous ancestry.
   895 | D:2      | Gained mutation: Your touch may inflict minor irresistible
                  | damage on your foes. [demonic ancestry]
   895 | D:2      | Reached XP level 3. HP: 25/29 MP: 3/3
  1180 | D:2      | Found a faded altar of an unknown god.
  1506 | D:2      | Identified the +0 sling "Trog's Hatred" {elec, Dex+2}
  1909 | D:3      | Gained mutation: You have a pair of small antennae on your
                  | head. [demonic ancestry]
  1909 | D:3      | Reached XP level 4. HP: 29/35 MP: 4/4
  2134 | D:3      | Found a snail-covered altar of Cheibriados.
  2703 | D:4      | Noticed a black bear
  2723 | D:4      | Killed a black bear
  2724 | D:4      | Reached skill level 4 in Fighting
  2724 | D:4      | Gained mutation: Your touch may inflict irresistible damage
                  | on your foes. [demonic ancestry]
  2724 | D:4      | Reached XP level 5. HP: 37/42 MP: 5/5
  3111 | D:4      | Gained mutation: You sometimes emit foul miasma when
                  | damaged in melee. [demonic ancestry]
  3111 | D:4      | Reached XP level 6. HP: 24/49 MP: 6/6
  3416 | D:4      | Found a stormy altar of Qazlal.
  3609 | D:5      | Entered Level 5 of the Dungeon
  3799 | D:5      | Identified the +5 dagger of Darkness {speed, rF+ Str+3}
  3868 | D:5      | Reached skill level 1 in Dodging
  3868 | D:5      | Reached skill level 1 in Spellcasting
  3868 | D:5      | Reached XP level 7. HP: 55/55 MP: 6/8
  3974 | D:5      | Found a staircase to the Ecumenical Temple.
  3985 | Temple   | Found a transporter.
  3985 | Temple   | Found a transporter.
  3985 | Temple   | Found a transporter.
  3985 | Temple   | Found a transporter.
  3985 | Temple   | Entered the Ecumenical Temple
  4003 | Temple   | Became a worshipper of Makhleb the Destroyer
  4099 | D:5      | Noticed Edmund
  4112 | D:5      | Killed Edmund
  4113 | D:5      | Reached skill level 5 in Fighting
  4296 | D:5      | Noticed Blork the orc
  4305 | D:5      | Killed Blork the orc
  4473 | D:5      | Noticed a wyvern
  4480 | D:5      | Killed a wyvern
  4609 | D:5      | Noticed Grinder
  4610 | D:5      | Paralysed by Grinder for 5 turns
  4623 | D:5      | Killed Grinder
  4624 | D:5      | Reached XP level 8. HP: 42/63 MP: 6/11
  5001 | D:5      | Found a sacrificial altar of Ru.
  5383 | D:6      | Reached skill level 5 in Armour
  5436 | D:6      | Reached skill level 1 in Short Blades
  5589 | D:6      | Identified the +2 leather armour of the Wasteland {Fly
                  | rElec rCorr Dex+3}
  5788 | D:6      | Found a sparkling altar of Nemelex Xobeh.
  5860 | D:6      | Reached skill level 6 in Fighting
  6115 | D:7      | Reached XP level 9. HP: 60/69 MP: 10/14
  6192 | D:7      | Found Emnigira's Jewellery Emporium.
  6237 | D:7      | Noticed Duvessa
  6249 | D:7      | Killed Duvessa
  6249 | D:7      | Noticed Dowan
  6257 | D:7      | Killed Dowan
  6477 | D:7      | Reached * piety under Makhleb
  6513 | D:7      | Found an opulent altar of Gozag.
  6639 | D:7      | Found a flagged portal.
  6645 | D:7      | Paralysed by a hornet for 3 turns
  6654 | Bailey   | Entered a bailey
  7228 | Bailey   | Reached skill level 5 in Short Blades
  7264 | Bailey   | Noticed an orc knight
  7283 | Bailey   | HP: 1/71 [orc knight/+0 war axe (7)]
  7285 | Bailey   | Killed an orc knight
  7286 | Bailey   | Reached skill level 7 in Fighting
  7286 | Bailey   | Upgraded the game from 0.31-a0-507-gbafd7f5274 to
                  | 0.31-a0-521-gc7390f8997
  7292 | Bailey   | Noticed an orc knight
  7300 | Bailey   | Reached ** piety under Makhleb
  7337 | Bailey   | Killed an orc knight
  7338 | Bailey   | Gained mutation: Your touch may irresistibly damage your
                  | foes and sap their willpower. [demonic ancestry]
  7338 | Bailey   | Reached XP level 10. HP: 30/79 MP: 8/17
  7488 | Bailey   | Noticed an orc warlord
  7505 | Bailey   | Demolished by an orc warlord

Illustrated notes

Levels and vault maps discovered:
D:1:      minmay_arrival_radiant_lines, layout_basic
D:2:      layout_basic, chequers_ecumenical_altar_island
D:3:      layout_loops_ring, lemuel_tele_altar,
          mainiacjoe_overflow_cross_hatched
D:4:      layout_loops_corners, lemuel_round_altar
D:5:      layout_layer_cave, lemuel_doored_altar,
          minmay_temple_entry_stoned_glass, uniq_blork_the_orc, uniq_edmund,
          uniq_grinder
D:6:      layout_rooms, mainiacjoe_overflow_surrounded_room
D:7:      layout_loops_corners, nicolae_gozag_seed_capital, enter_bailey_2,
          serial_shops, nicolae_shop_peninsula, ebering_dispersal_statue_hall,
          uniq_duvessa
Temple:   hellmonk_temple_divided_pantheon
Bailey:   bailey_axe_minmay_hex_keep, bailey

Skill      XL: |  1  2  3  4  5  6  7  8  9 |
---------------+----------------------------+-----
Polearms       | 2 3 4 |  4.4
Armour         | 3 4 5 6 |  6.5
Shields        | 3 4 |  4.0
Fighting       | 4 5 6 7 |  7.2
Dodging        | 1 2 3 4 |  4.8
Spellcasting   | 1 2 3 4 |  4.9
Short Blades   | 3 5 |  5.8

Action                     |  1- 3 |  4- 6 |  7- 9 | 10-12 || total
---------------------------+-------+-------+-------+-------++-------
  Melee: Trident           |   114 |   110 |    67 |       ||   291
         Touch             |     2 |    12 |    69 |     7 ||    90
         Punch             |       |       |     4 |     1 ||     5
         Dagger            |       |       |   322 |    33 ||   355
   Fire: Sling             |     2 |       |       |       ||     2
  Throw: Dart              |       |       |     4 |       ||     4
 Invoke: Minor Destruction |       |       |     1 |       ||     1
  Evoke: Wand              |       |       |     1 |       ||     1
    Use: Scroll            |       |       |    10 |       ||    10
         Potion            |       |       |     7 |     1 ||     8
 Armour: Scale mail        |    41 |    39 |       |       ||    80
         Chain mail        |       |     6 |   116 |     4 ||   126
  Dodge: Dodged            |    47 |    31 |    90 |     5 ||   173
  Block: Buckler           |    15 |       |       |       ||    15

Table legend: (Time is in decaauts)
 A = Elapsed time spent in this place.
 B = Non-inter-level travel time spent in this place.
 C = Inter-level travel time spent in this place.
 D = Time resting spent in this place.
 E = Time spent auto-exploring this place.
 F = Levels seen in this place.
 G = Mean time per level.
                   A        B        C        D        E       F      G
               +--------+--------+--------+--------+--------+-----+--------+
         Total |   7386 |   7140 |    246 |    374 |   5452 |   9 |  820.7 |
       Dungeon |   6588 |   6342 |    246 |     14 |   5353 |   7 |  941.1 |
        Temple |     39 |     39 |      0 |      0 |      0 |   1 |   39.0 |
        Bailey |    758 |    758 |      0 |    360 |     99 |   1 |  758.0 |
               +--------+--------+--------+--------+--------+-----+--------+

Top non-repeatable levels by time:
     D:5: 1702 daAuts
     D:4: 1117 daAuts
     D:1: 892 daAuts
     D:2: 889 daAuts
  Bailey: 758 daAuts
     D:3: 756 daAuts
     D:6: 717 daAuts
     D:7: 514 daAuts
  Temple: 39 daAuts
